 Dungeon Crawl Stone Soup version 0.29.1-4-g47bece8355 (webtiles) character file.

Game seed: 12272385450656810364

2 croobank the Caller (level 1, -2/7 HPs)
             Began as a Felid Summoner on Dec 11, 2022.
             Slain by a hobgoblin (5 damage)
             ... on level 1 of the Dungeon.
             The game lasted 00:00:24 (153 turns).

croobank the Caller (Felid Summoner)                 Turns: 153, Time: 00:00:25

Health: -2/7       AC:  1    Str:  4    XL:     1   Next: 33%
Magic:  3/4        EV: 17    Int: 16    God:
Gold:   19         SH:  0    Dex: 16    Spells: 3/4 levels left
                                        Lives:  0   Deaths: 0

rFire   . . .      SeeInvis +   (weapon unavailable)
rCold   . . .      Faith    .   (shield unavailable)
rNeg    . . .      Spirit   .   (body armour unavailable)
rPois   .          Reflect  .   (helmet unavailable)
rElec   .          Harm     .   (cloak unavailable)
rCorr   .          Rampage  .   (gloves unavailable)
Will    .....                   (boots unavailable)
Stlth   ++........              (no amulet)
HPRegen 0.02/turn               (no ring)
MPRegen 0.09/turn               (no ring)

@: quick
A: very small, claws 1, fangs 3, see invisible, speed 1, shaggy fur 1, stealthy
paws, no weapons or thrown items, no armour, multi-lived
a: no special abilities


You were on level 1 of the Dungeon.
You visited 1 branch of the dungeon, and saw 1 of its levels.

You collected 19 gold pieces.

Inventory:

Scrolls
 b - a scroll of identify {unknown}
Potions
 a - a potion of magic


   Skills:
 + Level 2.7 Dodging
 + Level 2.8 Stealth
 + Level 2.0 Spellcasting
 + Level 4.0 Summonings


You had 3 spell levels left.
You knew the following spells:

 Your Spells              Type           Power      Damage    Failure   Level
a - Summon Small Mammal   Summ           56%        N/A       4%          1

Your spell library contained the following spells:

 Spells                   Type           Power      Damage    Failure   Level
 Call Imp                 Summ           14%        N/A       6%          2
 Call Canine Familiar     Summ           14%        N/A       12%         3
 Summon Guardian Golem    Hex/Summ       8%         N/A       26%         3
 Summon Lightning Spire   Summ/Air       8%         N/A       65%         4


Dungeon Overview and Level Annotations

Branches:
Dungeon (1/15)

Altars:


Innate Abilities, Weirdness & Mutations

You have sharp claws.
You have razor-sharp teeth.
You have supernaturally acute eyesight. (SInv)
You cover ground quickly. (Speed+)
You are covered in fur. (AC +1)
Your paws help you pounce on unaware monsters.
You are incapable of wielding weapons or throwing items.
You cannot wear armour.
You gain extra lives every three experience levels.


Message History

t - Meow!
Orders for allies: a - Attack new target. r - Retreat! s - Stop attacking. g - Guard the area. f - Follow me.
Anything else - Cancel.
Gang up on whom?
Press: ? - help, Dir - move target, f - kobold
Aim: a kobold, wielding a +0 dagger and quivering stones (asleep, ally target) Attack!
You swap places.
Your bat disappears in a puff of smoke!
Casting: Summon Small Mammal (safe; 4% risk of failure)
Confirm with . or Enter, or press ? or * to list all spells.
What are your orders? t - Meow!
Orders for allies: a - Attack new target. p - Attack previous target. r - Retreat! s - Stop attacking. g - Guard the area. f - Follow me.
Anything else - Cancel.
Gang up on whom?
Press: ? - help, Dir - move target, f/p - kobold
Aim: a kobold, wielding a +0 dagger and quivering stones (ally target) Attack!
The kobold throws a stone.
The stone barely misses your quokka. The stone completely misses you.
Your bat hits the kobold. x2; The kobold throws a stone.
The stone hits your bat.
Your quokka misses the kobold.
Your bat barely misses the kobold.
Your quokka bites the kobold.
The kobold dies!
Your bat misses the hobgoblin.
Your quokka barely misses the hobgoblin.
Your bat closely misses the hobgoblin.
The hobgoblin hits you.
Ouch! That really hurt!
You scratch the hobgoblin but do no damage.
Your bat hits the hobgoblin but does no damage.
Your quokka barely misses the hobgoblin.
The hobgoblin hits you.
Ouch! That really hurt!
You die...

#..# #....#..## ##.####
##..###.##
#..##.#########.......#
###.###.......##..#######
..................#
.>................#######
......[.......##.........
..........[...##..####.##
.......#########@##
.......# #g# .......#


rb. .....>.# ...## ######## .).## .... ..... ...>.. You could see a hobgoblin
(ally target), a friendly quokka (summoned) and a friendly bat (summoned).

Vanquished Creatures (collateral kills)
  A kobold (D:1)
  A ball python (D:1)
  A rat (D:1)
3 creatures vanquished.

Notes
Turn   | Place    | Note
-------+----------+-------------------------------------------
     0 | D:1      | croobank the Felid Summoner began the quest for the Orb.
     0 | D:1      | Reached XP level 1. HP: 7/7 MP: 4/4
   153 | D:1      | Slain by a hobgoblin

Illustrated notes

Levels and vault maps discovered:
D:1:      lemuel_arrival_tunnels, layout_rooms, ebering_ecumenical_altar_mist

Action                   || total
-------------------------++-------
Melee: Unarmed           ||     1
 Cast: Summon Small Mamm ||     5
Dodge: Dodged            ||     1
